 Dungeon Crawl Stone Soup version 0.32-a0-898-g7811c86cf0 (webtiles) character file.

Game seed: 10073651958224772385

19 Griffin23 the Magician (level 2, 0/19 HPs)
             Began as a Mummy Hedge Wizard on Apr 4, 2024.
             Slain by a jackal (2 damage)
             ... on level 2 of the Dungeon.
             The game lasted 00:02:01 (628 turns).

Griffin23 the Magician (Mummy Hedge Wizard)          Turns: 628, Time: 00:02:02

Health: 0/19       AC:  2    Str: 13    XL:     2   Next: 55%
Magic:  4/7        EV: 11    Int: 13    God:
Gold:   85         SH:  0    Dex: 11    Spells: 5/9 levels left

rFire   x . .        a - +0 dagger
rCold   + . .        (no shield)
rNeg    + + +        b - +0 robe
rPois   ∞            c - +0 hat
rElec   .            (no cloak)
rCorr   .            (no gloves)
SInv    .            (no boots)
Will    .....        d - amulet of magic regeneration
Stlth   ++           (no ring)
HPRegen 0.23/turn    (no ring)
MPRegen 0.50/turn

%: faith
@: no status effects
A: cold resistance 1, negative energy resistance 3, torment resistance 2, heat
vulnerability 1, in touch with death 1, no potions, faith
a: no special abilities


You were on level 2 of the Dungeon.
You visited 1 branch of the dungeon, and saw 2 of its levels.

You collected 85 gold pieces.

Inventory:

Hand Weapons
 a - a +0 dagger (weapon)
Armour
 b - a +0 robe (worn)
 c - a +0 hat (worn)
Jewellery
 d - an amulet of magic regeneration (around neck)
Scrolls
 e - a scroll of poison {unknown}
 f - a scroll of identify {unknown}


   Skills:
 + Level 1.7 Dodging
 + Level 1.8 Stealth
 + Level 4.2 Spellcasting
 + Level 1.0 Conjurations
 + Level 1.1 Summonings
 + Level 1.0 Translocations


You had 5 spell levels left.
You knew the following spells:

 Your Spells              Type           Power      Damage    Failure   Level
a - Magic Dart            Conj           20%        1d4       13%         1
b - Slow                  Hex            8%         N/A       21%         1
c - Call Imp              Summ           10%        N/A       19%         2

Your spell library contained the following spells:

 Spells                   Type           Power      Damage    Failure   Level
 Blink                    Tloc           10%        N/A       21%         2
 Cigotuvi's Dreadful Rot  Necr/Alch/Air  8%         N/A       30%         2
 Mephitic Cloud           Conj/Alch/Air  3%         N/A       47%         3


Dungeon Overview and Level Annotations

Branches:
Dungeon (2/15)

Altars:


Innate Abilities, Weirdness & Mutations

You are immune to poison.
Your flesh is cold resistant. (rC+)
You are immune to negative energy. (rN+++)
You are immune to unholy pain and torment.
You are vulnerable to heat. (rF-)
You are in touch with the powers of death.
You do not drink.
You have a special connection with the divine. (Faith)


Message History

Aim: a jackal (100% to hit)
The magic dart hits the jackal but does no damage.
The jackal bites you. The jackal closely misses you.
Aiming: Magic Dart (safe; 13% risk of failure)
Press: ? - help, Q - select action, (/) - cycle Shift-Dir - straight line, f/p - jackal
Aim: a jackal (100% to hit)
The magic dart hits the jackal.
The jackal is moderately wounded.
The jackal completely misses you. The jackal barely misses you.
Aiming: Magic Dart (safe; 13% risk of failure)
Press: ? - help, Q - select action, (/) - cycle Shift-Dir - straight line, f/p - jackal
Aim: a jackal (100% to hit)
The magic dart hits the jackal.
The jackal is severely wounded.
The jackal bites you but does no damage.
The jackal misses you.
The jackal bites you but does no damage.
The jackal bites you.
* * * LOW HITPOINT WARNING * * *
Aiming: Magic Dart (safe; 13% risk of failure)
Press: ? - help, Q - select action, (/) - cycle Shift-Dir - straight line, f/p - jackal
Aim: a jackal (severely wounded, 100% to hit)
The magic dart hits the jackal but does no damage.
The jackal is severely wounded.
The jackal closely misses you. x2
Okay, then.
You hit the jackal.
The jackal is severely wounded.
The jackal barely misses you. The jackal bites you.
* * * LOW HITPOINT WARNING * * *
The jackal misses you.
There are monsters nearby!
You are too injured to fight recklessly!
Okay, then.
There's nothing to open nearby.
You are too injured to fight recklessly!
You hit the jackal but do no damage.
The jackal is severely wounded.
The jackal bites you.
You die...

######..#
........#######
.#####.........
#.######## #.#
########.#
.........#
########h#####.#
#@h......
#h#####.# ...
#.... #..###
#..# .... #..#


You could see 3 jackals.

Vanquished Creatures
  2 bats (D:1)
  2 giant cockroaches
  A goblin (D:1)
  4 hobgoblins
  A jackal (D:2)
  A quokka (D:1)
  3 ball pythons (D:1)
  A frilled lizard (D:1)
  2 kobolds (D:1)
  A rat (D:1)
18 creatures vanquished.

Notes
Turn   | Place    | Note
-------+----------+-------------------------------------------
     0 | D:1      | Griffin23 the Mummy Hedge Wizard began the quest for the
                  | Orb.
     0 | D:1      | Reached XP level 1. HP: 13/13 MP: 5/5
   121 | D:1      | Learned a level 1 spell: Slow
   131 | D:1      | Reached skill level 1 in Conjurations
   176 | D:1      | Reached skill level 1 in Translocations
   210 | D:1      | Reached XP level 2. HP: 19/19 MP: 7/7
   379 | D:1      | Reached skill level 1 in Summonings
   591 | D:2      | Learned a level 2 spell: Call Imp
   628 | D:2      | Slain by a jackal

Illustrated notes

Levels and vault maps discovered:
D:1:      dpeg_arrival_long_road, layout_basic, glass_columns_a
D:2:      layout_loops_ring, minmay_quantized

Skill      XL: |  1  2 |
---------------+-------+-----
Conjurations   | 1 |  1.0
Translocations | 1 |  1.0
Summonings     | 1 |  1.1
Dodging        | |  1.7
Stealth        | |  1.8
Spellcasting   | |  4.2

Action                     || total
---------------------------++-------
  Melee: Dagger            ||    85
   Cast: Magic Dart        ||    14
   Stab: Sleeping          ||     5
 Armour: Robe              ||    56
  Dodge: Dodged            ||    68

Table legend: (Time is in decaauts)
 A = Elapsed time spent in this place.
 B = Non-inter-level travel time spent in this place.
 C = Inter-level travel time spent in this place.
 D = Time resting spent in this place.
 E = Time spent auto-exploring this place.
 F = Levels seen in this place.
 G = Mean time per level.
                   A        B        C        D        E       F      G
               +--------+--------+--------+--------+--------+-----+--------+
         Total |    627 |    609 |     18 |      0 |    409 |   2 |  313.5 |
       Dungeon |    627 |    609 |     18 |      0 |    409 |   2 |  313.5 |
               +--------+--------+--------+--------+--------+-----+--------+

Top non-repeatable levels by time:
     D:1: 587 daAuts
     D:2: 40 daAuts
